 Dungeon Crawl Stone Soup version 0.30.0-29-ga12c61a403 (webtiles) character file.

Game seed: 8238916499879540302

7361 Nicoed the Alchemist (level 11, -5/75 HPs)
             Began as an Octopode Transmuter on June 24, 2023.
             Was a High Priest of Cheibriados.
             Slain by a gnoll sergeant
             ... wielding a +0 glaive
              (8 damage)
             ... in a bailey.
             The game lasted 00:21:48 (7966 turns).

Nicoed the Alchemist (Octopode Transmuter)          Turns: 7966, Time: 00:21:49

Health: -5/75      AC: 15    Str: 26    XL:     11   Next: 14%
Magic:  13/14      EV: 11    Int: 28    God:    Cheibriados [*****.]
Gold:   1091       SH:  0    Dex: 24    Spells: 7/14 levels left

rFire   x . .        x - melded +10 mace of the Other Side {freeze, rPois Str+3}
rCold   + + +        (shield currently unavailable)
rNeg    + . .        (helmet currently unavailable)
rPois   +            b - amulet of the acrobat
rElec   .            m - +4 ring of protection
rCorr   .            w - ring of flight
SInv    .            u - ring of positive energy
Will    .....        (no ring)
Stlth   ++           (no ring)
HPRegen 0.32/turn    (no ring)
MPRegen 0.14/turn    (no ring)
                     (no ring)

%: acrobat
@: ice-form, wereblooded, flying, very slow
A: freezing attack, boosted hp, almost no armour, amphibious, 8 rings, large,
(camouflage 1), (gelatinous body 1), (nimble swimmer 1), (tentacles)
a: End Transformation, Renounce Religion, Bend Time, Temporal Distortion,
Slouch, Step From Time


You were in a bailey.
You worshipped Cheibriados.
Cheibriados was extremely pleased with you.
You were a creature of crystalline ice.
You visited 1 branch of the dungeon, and saw 8 of its levels.
You also visited: Sewer and Bailey.

You collected 1091 gold pieces.

Inventory:

Hand Weapons
 x - the +10 mace of the Other Side (melded) {freeze, rPois Str+3}
   (You found it on level 5 of the Dungeon)

   Str:       It affects your strength (+3).
   rPois:     It protects you from poison.
Missiles
 C - 3 throwing nets
Armour
 z - a +0 tower shield
Magical Staves
 o - a staff of earth
Jewellery
 b - an amulet of the acrobat (around neck)
 m - a +4 ring of protection (left front paw)
 u - a ring of positive energy (on tentacle)
 w - a ring of flight (right front paw)
Wands
 e - a wand of polymorph (4)
 t - a wand of flame (6)
 v - a wand of iceblast (15)
Scrolls
 d - a scroll of amnesia
 f - 2 scrolls of enchant armour
 h - a scroll of poison
 j - 5 scrolls of fog
 n - 4 scrolls of fear
 p - a scroll of silence {unknown}
 q - a scroll of teleportation
 s - 6 scrolls of enchant weapon
 y - a scroll of immolation {unknown}
Potions
 a - 8 potions of lignification
 c - 2 potions of haste
 g - a potion of degeneration
 i - 8 potions of might
 k - 3 potions of brilliance
 l - 2 potions of cancellation
 r - 3 potions of resistance
 A - 3 potions of attraction
 B - a potion of berserk rage


   Skills:
 - Level 1.0 Fighting
 - Level 2.0 Dodging
 - Level 3.0 Unarmed Combat
 - Level 2.0 Spellcasting
 + Level 16.3 Transmutations
 - Level 3.0 Ice Magic


You had 7 spell levels left.
You knew the following spells:

 Your Spells              Type           Power      Damage    Failure   Level
a - Beastly Appendage     Tmut           100%       N/A       0%          1
b - Wereblood             Tmut           76%        N/A       1%          2
c - Ice Form              Ice/Tmut       54%        N/A       1%          4

Your spell library contained the following spells:

 Spells                   Type           Power      Damage    Failure   Level
 Spider Form              Tmut/Pois      48%        N/A       1%          3
 Cigotuvi's Dreadful Rot  Necr/Pois/Air  4%         N/A       14%         2
 Dispel Undead            Necr           2%         3d7       65%         4
 Death Channel            Necr           1%         N/A       100%        6


Dungeon Overview and Level Annotations

Branches:
Dungeon (8/15)             Temple (0/1) D:7            Lair (0/5) D:8
  Sewer (visited)          Bailey (1/1)

Altars:
Cheibriados
Dithmenos
Qazlal
Ru
Sif Muna
Wu Jian
The Shining One

Shops:
D:2 [=!=


Innate Abilities, Weirdness & Mutations

You are a creature of crystalline ice.
You have a powerful freezing melee attack.
Your maximum health is increased.
Your armour is entirely melded.
You are incapable of wielding weapons or throwing items.
You cannot wear most types of armour.
You are amphibious.
You can wear up to eight rings at the same time.
((Your skin changes colour to match your surroundings (Stealth+).))
((Your rubbery body absorbs attacks. (AC +1, EV +1)))
((You are camouflaged when in or above water. (Stealth+)))
((You have tentacles for arms and can constrict up to eight enemies at once.))


Message History

Unknown command.
Unknown command.
Okay, then.
Aiming: Iceblast
Press: ? - help, Shift-Dir - straight line, f - gnoll sergeant
Aim: a gnoll sergeant, wielding a +0 glaive and wearing a +0 plate armour (covering ground quickly)
The mass of ice explodes!
The iceblast engulfs the gnoll sergeant.
The gnoll sergeant is lightly wounded.
The iceblast engulfs the gnoll bouda!
The gnoll bouda is heavily wounded.
You hear a shout!
The gnoll sergeant hits you from afar with a +0 glaive.
* * * LOW HITPOINT WARNING * * *
Unknown command.
Unknown command.
Unknown command.
Aiming: Iceblast
Press: ? - help, Shift-Dir - straight line, f/p - gnoll sergeant
Aim: a gnoll sergeant, wielding a +0 glaive and wearing a +0 plate armour (lightly wounded, covering ground quickly)
The mass of ice explodes!
The iceblast engulfs the gnoll sergeant.
The gnoll sergeant is moderately wounded.
The iceblast engulfs the gnoll bouda!
You kill the gnoll bouda!
Cheibriados appreciates the change of pace.
You hear a howl!
The gnoll sergeant closely misses you.
Unknown command.
Unknown command.
Unknown command.
Unknown command.
Aiming: Iceblast
Press: ? - help, Shift-Dir - straight line, f/p - gnoll sergeant
Aim: a gnoll sergeant, wielding a +0 glaive and wearing a +0 plate armour (moderately wounded, covering ground quickly)
The mass of ice explodes!
The iceblast engulfs the gnoll sergeant but does no damage.
The gnoll sergeant is moderately wounded.
The gnoll sergeant hits you from afar with a +0 glaive!
You die...

♣♣...........♣♣♣
...............♣♣
≈≈≈≈≈≈...≈≈≈≈≈≈≈♣♣
.............).≈≈♣
...........)))..≈♣
######')'######.≈♣
#..)# #)≈♣ #..)#
##≈♣ #.Y.# #≈♣
##)## #≈♣ ##.g)##
#≈♣ ##.....## #≈♣
#.......# #≈♣
#...8...# ..#≈♣
#.......#...#≈♣
##.....##...#≈♣ .
##...##....#≈♣


You could see a gnoll sergeant (swift).

Vanquished Creatures
  A two-headed ogre (D:8)
  Amaemon (D:8)
  A cyclops (D:7)
  Joseph (D:7)
  An orange demon (D:8)
  Prince Ribbit (D:7)
  A hornet (D:8)
  Sigmund (D:4)
  A steam dragon (D:7)
  Menkaure (D:6)
  3 water moccasins
  An orc warrior (D:8)
  2 ice beasts
  An ogre (D:6)
  2 sky beasts
  4 black bears
  2 centaurs
  5 wolves (Bailey)
  2 phantoms
  7 bullfrogs
  6 gnoll sergeants
  4 scorpions
  5 wights (D:4)
  An electric eel (D:8)
  6 hounds
  3 orc priests
  7 gnoll boudas
  Jessica (D:2)
  3 iguanas
  3 orc wizards
  23 gnolls
  5 river rats (Sewer)
  17 adders
  A shadow imp (D:5)
  A white imp (D:5)
  An ufetubus (D:6)
  A worm (D:3)
  5 dart slugs
  26 orcs
  6 endoplasms
  5 giant cockroaches
  2 goblins
  6 hobgoblins
  3 jackals (D:3)
  4 kobolds
  8 quokkas
  15 ball pythons
  6 bats
  4 frilled lizards
  35 rats
252 creatures vanquished.

Notes
Turn   | Place    | Note
-------+----------+-------------------------------------------
     0 | D:1      | Nicoed the Octopode Transmuter began the quest for the Orb.
     0 | D:1      | Reached XP level 1. HP: 13/13 MP: 3/3
   224 | D:1      | Reached XP level 2. HP: 15/18 MP: 3/5
   275 | D:1      | Learned a level 2 spell: Wereblood
   324 | D:1      | Reached skill level 3 in Transmutations
   495 | D:1      | Reached XP level 3. HP: 15/23 MP: 2/6
   616 | D:1      | Found a faded altar of an unknown god.
   991 | D:2      | Found Vihaibol's Antique Armour Emporium.
   994 | D:2      | Noticed Jessica
  1047 | D:2      | Killed Jessica
  1048 | D:2      | Reached skill level 4 in Transmutations
  1048 | D:2      | Reached XP level 4. HP: 20/28 MP: 4/7
  1055 | D:2      | Learned a level 4 spell: Ice Form
  1116 | D:2      | Found Ohohiuj's Jewellery Shop.
  1240 | D:2      | Found Vaesupeck's Distillery.
  1315 | D:2      | Found Cant's Jewellery Boutique.
  1610 | D:3      | Reached skill level 1 in Ice Magic
  1617 | D:3      | Reached XP level 5. HP: 22/33 MP: 5/8
  2121 | D:3      | Reached skill level 5 in Transmutations
  2236 | D:4      | Noticed a phantom
  2255 | D:4      | Killed a phantom
  2256 | D:4      | Reached XP level 6. HP: 29/38 MP: 9/9
  2382 | D:4      | Reached skill level 6 in Transmutations
  2391 | D:4      | Reached XP level 7. HP: 19/43 MP: 8/10
  2553 | D:4      | Reached skill level 7 in Transmutations
  2741 | D:4      | Noticed Sigmund
  2767 | D:4      | Killed Sigmund
  3184 | D:4      | Found a snail-covered altar of Cheibriados.
  3198 | D:4      | Found a shimmering blue altar of Sif Muna.
  3205 | D:4      | Became a worshipper of Cheibriados the Contemplative
  3212 | D:4      | Found a glowing golden altar of the Shining One.
  3215 | D:4      | Found a shadowy altar of Dithmenos.
  3395 | D:5      | Entered Level 5 of the Dungeon
  3406 | D:5      | HP: 1/51 [something (4)]
  3413 | D:5      | Reached skill level 8 in Transmutations
  3685 | D:5      | Reached XP level 8. HP: 48/48 MP: 4/11
  3838 | D:5      | Identified the +10 mace of the Other Side {freeze, rPois
                  | Str+3}
  3909 | D:5      | Reached * piety under Cheibriados
  3922 | D:5      | Reached skill level 9 in Transmutations
  4196 | D:5      | Found a stormy altar of Qazlal.
  4406 | D:6      | Found a glowing drain.
  4417 | Sewer    | Entered a sewer
  4526 | Sewer    | Reached ** piety under Cheibriados
  4527 | Sewer    | Reached skill level 10 in Transmutations
  4720 | Sewer    | Reached *** piety under Cheibriados
  4928 | D:6      | Reached XP level 9. HP: 43/53 MP: 12/12
  5015 | D:6      | Reached skill level 11 in Transmutations
  5077 | D:6      | Noticed Menkaure
  5092 | D:6      | Killed Menkaure
  5564 | D:7      | Noticed Joseph
  5581 | D:7      | Killed Joseph
  5582 | D:7      | Reached skill level 12 in Transmutations
  5662 | D:7      | Noticed Prince Ribbit
  5681 | D:7      | Killed Prince Ribbit
  5817 | D:7      | Reached skill level 13 in Transmutations
  5974 | D:7      | Reached **** piety under Cheibriados
  6106 | D:7      | Found a sacrificial altar of Ru.
  6254 | D:7      | Noticed a cyclops
  6277 | D:7      | Killed a cyclops
  6278 | D:7      | Reached XP level 10. HP: 22/58 MP: 11/13
  6567 | D:7      | Found a staircase to the Ecumenical Temple.
  6720 | D:8      | Noticed an orange demon
  6746 | D:8      | Found an ornate altar of the Wu Jian Council.
  6818 | D:8      | Found a staircase to the Lair.
  6826 | D:8      | Reached skill level 14 in Transmutations
  6828 | D:8      | Noticed a two-headed ogre
  6843 | D:8      | Killed a two-headed ogre
  6872 | D:8      | Noticed Amaemon
  6883 | D:8      | Killed Amaemon
  6884 | D:8      | Reached skill level 15 in Transmutations
  6888 | D:8      | Killed an orange demon
  7049 | D:8      | Found a flagged portal.
  7056 | Bailey   | Entered a bailey
  7068 | Bailey   | Reached ***** piety under Cheibriados
  7196 | Bailey   | Reached XP level 11. HP: 58/63 MP: 8/14
  7405 | Bailey   | HP: 2/75 [gnoll sergeant/+0 halberd (10)]
  7606 | Bailey   | Reached skill level 16 in Transmutations
  7964 | Bailey   | HP: 2/75 [gnoll sergeant/+0 glaive (5)]
  7966 | Bailey   | Slain by a gnoll sergeant

Illustrated notes

Levels and vault maps discovered:
D:1:      mrwooster_arrival_arrow, layout_loops_ring,
          shapermc_ecumenical_altar_flowoftime
D:2:      layout_rooms, serial_shops,
          nicolae_shop_temple_entry_statues_fountains, shop,
          nicolae_shop_gaudy_bauble, shop_fountains, uniq_jessica
D:3:      layout_rooms
D:4:      layout_loops_ring, grunt_temple_overflow_cloverleaf, uniq_sigmund
D:5:      layout_rooms, nicolae_qazlal_beasts_of_the_sky
D:6:      layout_rooms, portal_sewer_entry_b, st_stairs_4,
          hangedman_decor_lopped, hangedman_decor_growths,
          palyth_stone_intersect, uniq_menkaure
D:7:      layout_basic, nicolae_ru_great_annihilating_truth,
          minmay_temple_entry_purple_smoke, uniq_prince_ribbit1, uniq_joseph
D:8:      minmay_angry_zag, layout_cave_pools,
          nemelex_xobeh_ov_fountains_minmay,
          nicolae_wu_jian_immortal_techniques, due_lair_maze_entry_diamond,
          enter_bailey_2, lightli_minifort, uniq_amaemon
Bailey:   bailey_polearm_gnolls_kennysheep, bailey

Skill      XL: |  1  2  3  4  5  6  7  8  9 10 11 |
---------------+----------------------------------+-----
Transmutations | 3 4 5 6 8 10 13 15 16 | 16.3
Ice Magic      | 1 2 3 |  3.0
Fighting       | |  1.0
Dodging        | |  2.0
Unarmed Combat | |  3.0
Spellcasting   | |  2.0

Action                     |  1- 3 |  4- 6 |  7- 9 | 10-12 || total
---------------------------+-------+-------+-------+-------++-------
  Melee: Unarmed           |    77 |   106 |   193 |   136 ||   512
         Kick              |    29 |    40 |     4 |       ||    73
         Constrict         |    19 |    29 |    24 |       ||    72
         Tentacles         |    17 |    18 |    16 |     1 ||    52
         Punch             |     4 |     2 |     2 |       ||     8
         Mace              |       |       |    93 |     2 ||    95
   Cast: Beastly Appendage |    17 |    19 |     6 |       ||    42
         Wereblood         |     1 |     6 |    21 |    14 ||    42
         Ice Form          |       |       |    22 |    16 ||    38
  Evoke: Wand              |       |       |     9 |    50 ||    59
    Use: Scroll            |       |     7 |    11 |     2 ||    20
         Potion            |       |     2 |     3 |       ||     5
   Stab: Sleeping          |     3 |     4 |     4 |       ||    11
         Paralysed         |       |       |     2 |       ||     2
 Armour: Skin              |     8 |    18 |   130 |    99 ||   255
  Dodge: Dodged            |    29 |    64 |   234 |   277 ||   604
